Map: Year Zero LE

Players

llllllllllll - Winner!

  • Race: Protoss Protoss
  • League: Master
  • Spawn Location: 1:00

Saint

  • Race: Protoss Protoss
  • League: Master
  • Spawn Location: 11:00

VOD

Have the link to the VOD?

Description

Time

  • Played on: Feb. 27, 2019, 12:48 a.m.
  • Length: 8:00
Show
View Real Time Build Order
Export as new Build Order

llllllllllll Protoss - Winner!

Build Orders:  

Get SALT Encoding   

  12  0:01  Probe  
  13  0:13  Probe  
  14  0:18  Pylon  
  14  0:25  Probe  
  15  0:37  Probe  
  15  0:38  Assimilator  
  16  0:46  Probe  
  17  0:54  Probe  
  17  1:03  Probe  
  19  1:14  Probe  
  20  1:22  Probe  
  20  1:30  Probe  
  16  2:05  Probe  
  15  2:17  Probe  
  16  2:22  Pylon  
  16  2:29  Probe  
  17  2:41  Probe  
  18  2:53  Probe  
  19  3:05  Gateway, Probe  
  19  3:09  Assimilator  
  20  3:23  Probe  
  21  3:33  Probe  
  21  3:39  Pylon  
  21  3:41  Probe  
  23  3:54  Assimilator  
  23  3:55  Probe  
  23  3:56  Cybernetics Core  
  24  4:07  Probe  
  24  4:19  Probe  
  15  4:31  Probe  
  15  4:38  Pylon  
  16  4:40  Forge  
  16  4:43  Probe  
  17  4:55  Probe  
  18  5:03  Probe  
  18  5:11  Probe  
  19  5:18  Photon Cannon  
  20  5:22  Photon Cannon, Probe  
  21  5:33  Pylon  
  21  5:34  Probe  
  22  5:42  Nexus  
  22  5:49  Probe  
  23  6:01  Probe  
  23  6:07  Assimilator  
  23  6:10  Photon Cannon  
  23  6:18  Photon Cannon  
  23  6:27  Pylon  
  23  6:32  Pylon  
  23  6:40  Gateway  
  23  6:44  Probe  
  24  6:56  Probe  
  25  7:08  Probe  
Show
View Real Time Build Order
Export as new Build Order

Saint Protoss 

Build Orders:  

Get SALT Encoding   

  12  0:03  Probe  
  13  0:15  Probe  
  13  0:19  Pylon  
  14  0:27  Probe  
  15  0:38  Probe  
  15  0:40  Gateway  
  16  0:46  Probe  
  16  0:49  Assimilator  
  16  0:56  Assimilator  
  17  0:57  Probe  
  18  1:09  Probe  
  19  1:15  Gateway  
  19  1:23  Probe  
  20  1:29  Cybernetics Core  
  20  1:44  Probe  
  14  1:57  Zealot  
  4  2:15  Probe  
  4  2:24  Probe  
  5  3:08  Probe  
  6  3:26  Probe  
  7  3:39  Probe  
  8  3:51  Probe  
  9  4:09  Probe  
  9  4:27  Probe  
  7  4:35  Probe  
  7  4:44  Probe  
  9  4:57  Probe  
  10  5:03  Pylon  
  10  5:09  Probe  
  11  5:21  Probe  
  12  5:47  Probe  
  11  6:07  Stargate  
  11  6:09  Probe  
  11  6:17  Probe  
  13  6:46  Probe  
  14  6:54  Probe  
  14  6:55  Stargate  
  15  7:02  Probe  
Tags
 
Matchup
PvP
Spawn Locations
Close Positions
Add a new tag
Caveats
  • Supply blocks, unpowered buildings, or Contaminate may cause inaccurate times.
  • Supply counts are checked every 10 seconds.